 Dungeon Crawl Stone Soup version 0.20-a0-960-ge493e74 (webtiles) character file.

33028 MirrMurr the Spear-Bearer (level 13, -4/105 HPs)
             Began as a Demonspawn Berserker on Apr 7, 2017.
             Was a High Priest of Trog.
             Slain by a death yak (16 damage)
             ... on level 5 of the Lair of Beasts.
             The game lasted 00:43:15 (17856 turns).

MirrMurr the Spear-Bearer (Demonspawn Berserker)   Turns: 17856, Time: 00:43:16

Health: -4/105     AC: 22    Str: 21    XL:     13   Next: 34%
Magic:  4/4        EV: 15    Int:  8    God:    Trog [*****.]
Gold:   1035       SH:  0    Dex: 15    Spells: 12/12 levels left

rFire    + . .     SeeInvis .   a - +6 glaive (antimagic)
rCold    . . .     Gourm    .   (shield currently unavailable)
rNeg     . . .     Faith    .   G - +0 plate armour
rPois    .         Spirit   .   p - +0 helmet
rElec    .         Reflect  .   l - +1 cloak
rCorr    .         Harm     .   o - +0 pair of gloves
MR       +++..                  (boots unavailable)
Stlth    ..........             (no amulet)
Regen    1.3/turn               V - ring of protection from magic
MPRegen  0.1/turn               q - +4 ring of evasion

@: lethally poisoned (-4 -> -4), regenerating
A: talons 3, slimy green scales 2, demonic guardian 1, fire resistance 1, ignite
blood, flame cloud immunity
a: Berserk, Trog's Hand, Brothers in Arms, Burn Spellbooks, Renounce Religion


You were on level 5 of the Lair of Beasts.
You worshipped Trog.
Trog was extremely pleased with you.
You were hungry.

You visited 2 branches of the dungeon, and saw 16 of its levels.

You collected 1035 gold pieces.

Inventory:

Hand Weapons
 a - a +6 antimagic glaive (weapon)
 b - a +2 trident
Missiles
 v - 98 poisoned needles
 Q - 8 javelins (quivered)
Armour
 l - a +1 cloak (worn)
 o - a +0 pair of gloves (worn)
 p - a +0 helmet (worn)
 G - a +0 plate armour (worn)
Jewellery
 q - a +4 ring of evasion (right hand)
 z - an uncursed ring of flight
 J - a +5 ring of protection
 V - a ring of protection from magic (left hand)
Wands
 n - a wand of flame (28/48)
 w - a wand of iceblast (7/15)
 x - a wand of lightning (8/15)
 y - a wand of confusion (32/48)
 K - a wand of confusion (29/48)
 M - a wand of digging (13/24)
 R - a wand of paralysis (12/24)
Scrolls
 e - 3 scrolls of fear
 f - 4 scrolls of immolation
 h - 9 scrolls of teleportation
 k - a scroll of summoning {unknown}
 r - 8 scrolls of remove curse
 s - 2 scrolls of enchant armour
 C - a scroll of magic mapping
 D - 2 scrolls of recharging
 F - a scroll of vulnerability
 H - a scroll of fog
 O - a scroll of blinking
 S - 2 scrolls of identify
 T - a scroll of acquirement {unknown}
Potions
 d - 12 potions of curing
 j - 2 potions of heal wounds
 m - 4 potions of brilliance
 t - 3 potions of haste
 A - a potion of mutation
 E - a potion of resistance
 I - a potion of invisibility {unknown}
 L - a potion of flight
 P - 2 potions of agility {unknown}
Miscellaneous
 u - a phantom mirror
Comestibles
 c - 9 bread rations
 g - 6 meat rations
 i - 3 chunks of flesh
 B - 16 royal jellies
 N - 23 fruits


   Skills:
 + Level 10.9 Fighting
 * Level 13.4 Polearms
 + Level 9.7 Armour
 + Level 9.6 Dodging


You had 12 spell levels left.
You didn't know any spells.

Dungeon Overview and Level Annotations

Branches:
Dungeon (11/15)            Temple (0/1) D:4            Lair (5/6) D:8
  Swamp (0/4) Lair:2        Snake (0/4) Lair:4          Orc (0/2) D:11
  Slime: Lair:5-6

Altars:
Ashenzari
Dithmenos
Elyvilon
Fedhas
Hepliaklqana
Kikubaaqudgha
Makhleb
Okawaru
Xom
Yredelemnul

Shops:
D:6 *

Annotations:
D:1 dig?
Lair:5 exclusion: 2 oklob plants


Innate Abilities, Weirdness & Mutations

You have claws for feet.
You are mostly covered in slimy green scales. (AC +3)
A weak demonic guardian rushes to your aid.
Your flesh is heat resistant. (rF+)
Your demonic aura causes spilled blood to erupt in flames.
You are immune to clouds of flame.


Message History

Your quasit bites the death yak but does no damage.
Your quasit barely misses the death yak.
Your quasit claws the death yak but does no damage.
The black mamba bites the plant.
The death yak gores you!
* * * LOW HITPOINT WARNING * * *
The death yak barely misses you.
The death yak is engulfed in blazing flames.
The death yak gores you!
* * * LOW HITPOINT WARNING * * *
You feel sick.
Your ufetubus hits the death yak but does no damage.
Your ufetubus hits the death yak.
The black mamba bites the plant.
Your deep troll bites the death yak!!
Your deep troll claws the death yak!
Your deep troll claws the death yak.
Your ufetubus hits the death yak but does no damage.
Your ufetubus hits the death yak.
The black mamba bites the plant!
The death yak is engulfed in blazing flames.
The death yak barely misses your deep troll.
The death yak gores you!
You die...

..........†..$.......
..........#.......#..
.............†.......
..................#..
............§.........
..........ST5.P.......
.........PYY........?.
..P...#........5Y..........
##..............@§..........
[P......###.................
.P..........................
PP...............P.P..#.#.(
##.P.............P.....#.
..PPP................$..
..P.......#.....#.##....
..PP=......#....!## .##.
..PP................


You could see 3 death yaks, a black mamba, a friendly deep troll (berserk), a
friendly quasit and a friendly ufetubus.

Vanquished Creatures
  Josephine (Lair:4)
  A hydra (D:11)
  A two-headed ogre (D:9)
  9 death yaks
  An unseen horror (D:11)
  A deep elf mage (D:10)
  An ugly thing (D:11)
  3 black mambas
  A guardian serpent (Lair:4)
  A torpor snail (Lair:3)
  Maurice (D:8)
  Psyche (D:8)
  A freezing wraith (D:10)
  9 spiny frogs
  3 komodo dragons
  A polar bear (Lair:3)
  3 slime creatures (D:9)
  4 blink frogs (Lair:1)
  A hornet (D:10)
  6 hippogriffs
  2 wyverns
  6 wraiths
  28 yaks
  A basilisk (Lair:1)
  A hungry ghost (D:10)
  3 vampire mosquitoes
  A soldier ant (D:10)
  2 insubstantial wisps (Lair:4)
  A swamp worm (Lair:2)
  5 water moccasins
  3 orc warriors
  7 porcupines
  Duvessa (D:7)
  An ice beast (D:11)
  4 black bears
  4 phantoms
  2 necrophages
  A sky beast (D:8)
  An eye of draining (D:9)
  5 centaurs
  2 ogres
  4 wolves (Lair:4)
  12 crocodiles
  2 big kobolds
  14 bullfrogs
  A gnoll sergeant (D:10)
  Dowan (D:7)
  A scorpion (D:7)
  An electric eel (Lair:2)
  6 wights
  10 crimson imps
  A quasit (D:9)
  2 bullfrog zombies
  A centaur skeleton (D:10)
  2 jellies
  Crazy Yiuf (D:5)
  A bullfrog skeleton (D:9)
  15 orc priests
  10 hounds
  18 orc wizards
  Ijyb (D:2)
  3 iguanas
  8 worker ants
  2 hound skeletons
  4 howler monkey zombies
  2 worker ant zombies
  3 gnolls (D:10)
  A howler monkey skeleton (D:5)
  4 adders
  3 shadow imps
  A white imp (D:11)
  2 oozes
  4 adder skeletons
  2 adder zombies
  3 worms
  2 dart slugs
  6 leopard geckos
  85 orcs
  5 bats
  3 giant cockroaches
  17 goblins
  12 hobgoblins
  19 jackals
  18 kobolds
  4 quokkas
  5 frilled lizards
  A jackal skeleton (D:5)
  2 quokka skeletons (D:4)
  A quokka zombie (D:7)
  5 rats
  2 fungi
  3 plants
467 creatures vanquished.

Vanquished Creatures (collateral kills)
  A two-headed ogre (D:8)
  A spiny frog (Lair:1)
  A tyrant leech (Lair:2)
  A hornet (D:10)
  3 yaks
  An orc warrior (D:7)
  An ogre (D:8)
  A jelly (D:5)
  An orc priest (D:11)
  A killer bee zombie (D:10)
  An adder zombie (D:7)
  5 orcs
18 creatures vanquished.

Vanquished Creatures (others)
  A plant (Lair:5)
1 creature vanquished.

Grand Total: 486 creatures vanquished

Notes
Turn   | Place    | Note
-------+----------+-------------------------------------------
     0 | D:1      | MirrMurr the Demonspawn Berserker began the quest for the Orb.
     0 | D:1      | Reached XP level 1. HP: 18/18 MP: 1/1
   280 | D:1      | Gained mutation: You are partially covered in slimy green scales. (AC +2) [demonic ancestry]
   280 | D:1      | Reached XP level 2. HP: 20/24 MP: 2/2
   454 | D:1      | Reached skill level 3 in Polearms
  1074 | D:2      | Found a faded altar of an unknown god.
  1124 | D:2      | Reached XP level 3. HP: 4/29 MP: 3/3
  1440 | D:2      | Reached ** piety under Trog
  1736 | D:2      | Found an ancient bone altar of Kikubaaqudgha.
  2557 | D:2      | Noticed Ijyb
  2572 | D:2      | Killed Ijyb
  2572 | D:2      | Reached XP level 4. HP: 37/37 MP: 4/4
  2908 | D:3      | Reached skill level 4 in Polearms
  2908 | D:3      | Gained mutation: You have sharp toenails. [demonic ancestry]
  2908 | D:3      | Reached XP level 5. HP: 42/42 MP: 5/5
  3558 | D:3      | Reached *** piety under Trog
  3641 | D:3      | Found a burning altar of Makhleb.
  3854 | D:3      | Gained mutation: A weak demonic guardian rushes to your aid. [demonic ancestry]
  3854 | D:3      | Reached XP level 6. HP: 44/48 MP: 6/6
  4545 | D:4      | Found a staircase to the Ecumenical Temple.
  4829 | D:4      | Found a burning altar of Makhleb.
  4856 | D:4      | Reached skill level 5 in Polearms
  5063 | D:4      | Gained mutation: You have razor-sharp toenails. [demonic ancestry]
  5063 | D:4      | Reached XP level 7. HP: 55/55 MP: 7/7
  5199 | D:5      | Entered Level 5 of the Dungeon
  5286 | D:5      | Reached **** piety under Trog
  5321 | D:5      | Reached skill level 5 in Fighting
  5335 | D:5      | Found an ancient bone altar of Kikubaaqudgha.
  5558 | D:5      | Reached skill level 6 in Polearms
  5591 | D:5      | Gained mutation: Your flesh is heat resistant. (rF+) [demonic ancestry]
  5591 | D:5      | Reached XP level 8. HP: 47/62 MP: 8/8
  5659 | D:5      | Found a runed door.
  5789 | D:5      | Found a shadowy altar of Dithmenos.
  5789 | D:5      | Found a shattered altar of Ashenzari.
  5914 | D:5      | Noticed Crazy Yiuf
  5917 | D:5      | Killed Crazy Yiuf
  6047 | D:6      | Found a basalt altar of Yredelemnul.
  6403 | D:6      | Found a hazy altar of Hepliaklqana.
  6425 | D:6      | Found Heitab's General Store.
  6777 | D:7      | Reached ***** piety under Trog
  7085 | D:7      | Noticed Duvessa
  7086 | D:7      | Noticed Dowan
  7096 | D:7      | Killed Duvessa
  7099 | D:7      | Killed Dowan
  7099 | D:7      | Reached skill level 7 in Polearms
  7421 | D:7      | Found a blossoming altar of Fedhas.
  7457 | D:7      | Gained mutation: You are mostly covered in slimy green scales. (AC +3) [demonic ancestry]
  7457 | D:7      | Reached XP level 9. HP: 59/69 MP: 9/9
  7480 | D:7      | Received a gift from Trog
  7518 | D:7      | Reached skill level 5 in Dodging
  7736 | D:7      | Found a shimmering altar of Xom.
  7746 | D:7      | Reached skill level 5 in Armour
  8153 | D:8      | Reached skill level 8 in Polearms
  8248 | D:8      | Noticed a death yak
  8271 | D:8      | Noticed a death yak
  8273 | D:8      | Noticed a death yak
  8284 | D:8      | Killed a death yak
  8345 | D:7      | Killed a death yak
  8345 | D:7      | Reached skill level 9 in Polearms
  8345 | D:7      | Gained mutation: You have claws for feet. [demonic ancestry]
  8345 | D:7      | Reached XP level 10. HP: 42/79 MP: 10/10
  8595 | D:7      | Killed a death yak
  9037 | D:8      | Found a white marble altar of Elyvilon.
  9052 | D:8      | Noticed Psyche
  9057 | D:8      | Noticed Maurice
  9063 | D:8      | Killed Psyche
  9315 | D:8      | Found a staircase to the Lair.
  9348 | D:8      | Received a gift from Trog
  9469 | D:8      | Noticed a two-headed ogre
  9486 | D:8      | Killed a two-headed ogre
  9486 | D:8      | Reached skill level 10 in Polearms
  9596 | D:8      | Killed Maurice
 10010 | D:9      | Noticed a two-headed ogre
 10017 | D:9      | Killed a two-headed ogre
 10017 | D:9      | Gained mutation: You are immune to clouds of flame. [demonic ancestry]
 10017 | D:9      | Reached XP level 11. HP: 49/87 MP: 11/11
 11232 | D:10     | Entered Level 10 of the Dungeon
 11757 | D:10     | Noticed a deep elf mage
 11768 | D:10     | Killed a deep elf mage
 11928 | D:10     | Found an iron altar of Okawaru.
 12330 | D:10     | Reached skill level 11 in Polearms
 12397 | D:10     | Paralysed by a hornet for 2 turns
 12563 | D:11     | Noticed a seven-headed hydra
 12578 | D:11     | Killed a seven-headed hydra
 12675 | D:11     | Found a staircase to the Orcish Mines.
 12776 | D:11     | Received a gift from Trog
 12908 | D:11     | Killed an unseen horror
 12911 | D:11     | Noticed a brown ugly thing
 12922 | D:11     | Killed a brown ugly thing
 13287 | Lair:1   | Entered Level 1 of the Lair of Beasts
 13746 | Lair:1   | Gained mutation: Your demonic aura causes spilled blood to erupt in flames. [demonic ancestry]
 13746 | Lair:1   | Reached XP level 12. HP: 72/96 MP: 12/12
 14258 | Lair:1   | Reached skill level 12 in Polearms
 14322 | Lair:1   | Noticed a death yak
 14326 | Lair:1   | Noticed a death yak
 14326 | Lair:1   | Noticed a death yak
 14339 | Lair:1   | Killed a death yak
 14341 | Lair:1   | Killed a death yak
 14341 | Lair:1   | Reached skill level 10 in Fighting
 14348 | Lair:1   | Killed a death yak
 14735 | Lair:2   | Received a gift from Trog
 15553 | Lair:2   | Found a staircase to the Swamp.
 16846 | Lair:4   | Noticed Josephine
 16900 | Lair:4   | Reached XP level 13. HP: 86/104 MP: 4/13
 16907 | Lair:4   | Reached skill level 13 in Polearms
 16966 | Lair:4   | Killed Josephine
 17262 | Lair:4   | Found a staircase to the Snake Pit.
 17450 | Lair:4   | Received a gift from Trog
 17856 | Lair:5   | Slain by a death yak

Vault maps used:
D:1:      dpeg_arrival_refuge, item_on_display_a
D:2:      kennysheep_goblin_castle, kiku_gazebo_garden_becter,
          chequers_ecumenical_altar_simple_redux
D:3:      overflow_temple_1_default, serial_undead, serial_undead_e,
          serial_undead_f, serial_undead_b, serial_undead_b, first_bread
D:4:      minmay_temple_entry_grid, kennysheep_cluttered_room, bloody_makhleb
D:5:      gammafunk_temple_overflow_wave, basic_altar, uniq_crazy_yiuf_cottage
D:6:      marbit_many_paths, yredelemnul_altar_generic, serial_shops,
          nicolae_shop_stone
D:7:      kennysheep_mini_moat, lemuel_crystal_altar, uniq_duvessa
D:8:      black_bear_nest_2, elyvilon_altar_1, dpeg_lair_monsters, uniq_psyche,
          uniq_maurice
D:9:      serial_glass, glass_columns_c, glass_columns_a
D:10:     basic_altar, hangedman_pestilent_swarm, minmay_pinched_square
D:11:     david_orc_3, minmay_nine_imps
Lair:1:   hibernation_bobbens
Lair:2:   minmay_swamp_entry_worms, infiniplex_staircase_pool,
          grunt_megastairs_3, lemuel_fruit_fields, serial_bayou_shore_a,
          lemuel_fruit_tree
Lair:4:   minmay_snake_entry_spellcaster, st_stairs_13, pond,
          infiniplex_staircase_pool_2, uniq_josephine
Lair:5:   lemuel_reptile_caves, slime_altar_2, lemuel_fruit_fields,
          minmay_lair_oklob_chamber

Skill      XL: |  1  2  3  4  5  6  7  8  9 10 11 12 13 |
---------------+----------------------------------------+-----
Polearms       | 3 4 5 6 7 9 10 11 12 13 | 13.4
Armour         | 2 3 4 6 7 8 9 |  9.7
Dodging        | 2 3 4 6 7 8 9 |  9.6
Fighting       | 4 5 6 7 8 9 10 | 10.9

Action                   |  1- 3 |  4- 6 |  7- 9 | 10-12 | 13-15 || total
-------------------------+-------+-------+-------+-------+-------++-------
Melee: Spear             |   188 |   269 |       |       |       ||   457
       Kick              |       |    59 |   121 |   305 |    35 ||   520
       Trident           |       |     3 |   454 |   942 |       ||  1399
       Glaive            |       |       |       |    58 |   113 ||   171
Throw: Tomahawk          |       |     4 |     3 |     4 |       ||    11
Invok: Berserk           |     2 |     3 |     7 |     4 |     1 ||    17
       Trog's Hand       |       |     1 |     2 |     2 |     1 ||     6
       Burn Spellbooks   |       |       |     1 |     3 |     1 ||     5
       Brothers in Arms  |       |       |       |       |     1 ||     1
  Use: Scroll            |       |     6 |    14 |     5 |     3 ||    28
       Potion            |       |       |     1 |     1 |     1 ||     3
 Stab: Sleeping          |     1 |     1 |       |       |       ||     2
       Distracted        |       |       |       |     4 |       ||     4
  Eat: Chunk             |     6 |    13 |    16 |    31 |     4 ||    70
       Fruit             |       |       |     1 |     2 |       ||     3
       Royal jelly       |       |       |       |     1 |       ||     1
Armor: Animal skin       |    46 |    29 |       |       |       ||    75
       Chain mail        |       |    53 |   135 |       |       ||   188
       Plate armour      |       |       |    16 |   321 |    76 ||   413
Dodge: Dodged            |    98 |   103 |   232 |   379 |   103 ||   915
